[Event "Titled Tuesday Blitz March 28 Early 2023"]
[White "Arias, Juan Cruz"]
[Black "Paravyan, David"]
[WhiteFideId "118540"]
[BlackFideId "4194985"]
[WhiteElo "2243"]
[BlackElo "2577"]
[Result "0-1"]
[Round "01"]
[TimeControl "180+2"]
[Date "2023.03.28"]
[WhiteClock "0:00:18"]
[BlackClock "0:00:41"]

1. d4 Nf6 2. Nf3 g6 3. e3 Bg7 4. Be2 O-O 5. O-O d6 6. b3 e5 7. dxe5 dxe5 8. Bb2 e4 9. Qxd8 Rxd8 10. Nfd2 Nc6 11. a3 Bf5 12. h3 h5 13. Re1 a6 14. Nf1 h4 15. Nbd2 Nd5 16. Bxg7 Kxg7 17. Nb1 Ne5 18. Nfd2 Rd7 19. Nc4 Nxc4 20. Bxc4 Nb6 21. Be2 Be6 22. Nc3 f5 23. Rad1 Rad8 24. Rxd7+ Rxd7 25. Rd1 Rxd1+ 26. Bxd1 Kf6 27. g3 g5 28. Ne2 Nd5 29. gxh4 gxh4 30. Nf4 Bf7 31. Kf1 Ke5 32. Ng2 f4 33. exf4+ Nxf4 34. Nxh4 Nxh3 35. Ng2 Nf4 36. Ne3 Kd4 37. Ke1 Kc3 38. a4 Be6 39. Nf1 Ng2+ 40. Ke2 Bg4+ 41. f3 Bxf3+ 0-1


[Site "https://www.chess.com"]

[Event "Titled Tuesday Blitz March 28 Early 2023"]
[White "Martinez Alcantara, Jose Eduardo"]
[Black "Oganisian, Roman"]
[WhiteFideId "3805662"]
[BlackFideId "4153006"]
[WhiteElo "2712"]
[BlackElo "2204"]
[Result "1/2-1/2"]
[Round "01"]
[TimeControl "180+2"]
[Date "2023.03.28"]
[WhiteClock "0:00:56"]
[BlackClock "0:00:08"]

1. e4 e6 2. d4 d5 3. Nd2 Nf6 4. e5 Ng8 5. f4 c5 6. c3 Nc6 7. Ndf3 Qa5 8. Kf2 Qb6 9. Ne2 Nh6 10. h3 f6 11. g4 fxe5 12. fxe5 Be7 13. Kg3 O-O 14. Bg2 Bd7 15. Rf1 Be8 16. Nf4 Rxf4 17. Bxf4 Qxb2 18. Qc1 Qb6 19. Rd1 Bg6 20. Bg5 Rf8 21. Bxe7 Nxe7 22. a4 Be4 23. a5 Qc7 24. Rf1 Ng6 25. Ng5 Rxf1 26. Bxf1 Nf7 27. Nxf7 Qxf7 28. Qe3 Qe7 29. Kh2 Nh4 30. Be2 cxd4 31. cxd4 Ng2 32. Qf2 h5 33. gxh5 Qg5 34. Rg1 Qf4+ 35. Qxf4 Nxf4 36. Bf1 Nxh5 37. Rg5 g6 38. Rg4 Bf5 39. Rg2 Ng7 40. Rb2 b6 41. Rxb6 axb6 42. a6 Ne8 43. a7 Nc7 44. Bb5 Bc2 45. Bc6 Bb3 46. Kg3 Bc4 47. Kf2 Ba6 48. Ke3 Kf7 49. Kf4 Kg7 50. Ke3 b5 51. Kd2 b4 52. Kc2 Bc4 53. Bd7 Kf7 54. Bc6 Ke7 55. Kb2 Kd8 56. Kc2 Kc8 57. Be8 b3+ 58. Kc3 g5 59. Bc6 Ba6 60. Kxb3 Bb7 61. Ba4 Na6 62. Bb5 Nc7 63. Ba4 Na8 64. Kb4 Kc7 65. Kc5 Bc8 66. Be8 Kb7 67. Bc6+ Kxa7 68. Kd6 Kb8 69. Be8 Nc7 70. Bf7 Nb5+ 71. Kc5 Nc7 72. Kd6 Nb5+ 73. Kc5 Nc3 74. Kd6 Ne4+ 75. Ke7 Kc7 76. Bxe6 Bxe6 77. Kxe6 Kc6 78. Kf7 Nf2 79. e6 Ne4 80. e7 Nd6+ 81. Ke6 Kc7 82. Kxd5 Kd7 83. e8=Q+ Kxe8 84. Ke5 Nf7+ 85. Kf6 Kf8 86. Ke6 Nh6 87. Kf6 g4 88. hxg4 Nxg4+ 89. Kf5 Ne3+ 90. Ke4 Nc4 91. Kd5 Nb6+ 92. Ke6 Nc8 93. Kd7 Ne7 94. Ke6 Ke8 95. Kd6 Kd8 96. Ke5 Nc8 97. Kd5 Ne7+ 98. Kd6 Nc8+ 99. Ke5 Ne7 100. Ke6 Nc8 101. d5 Ne7 102. d6 Nc6 103. d7 Nb8 104. Kd6 Nxd7 1/2-1/2


[Site "https://www.chess.com"]

[Event "Titled Tuesday Blitz March 28 Early 2023"]
[White "Alinasab, Mobina"]
[Black "Daneshvar, Bardiya"]
[WhiteFideId "12528897"]
[BlackFideId "12576468"]
[WhiteElo "2141"]
[BlackElo "2468"]
[Result "0-1"]
[Round "01"]
[TimeControl "180+2"]
[Date "2023.03.28"]
[WhiteClock "0:00:03"]
[BlackClock "0:00:37"]

1. Nf3 d5 2. g3 Nd7 3. d4 Nb6 4. Bg2 Bf5 5. O-O e6 6. b3 Nf6 7. Bb2 h6 8. Ne5 c6 9. c4 Be7 10. Nc3 O-O 11. Rc1 Bh7 12. Re1 a5 13. Qd2 dxc4 14. bxc4 Nfd7 15. Ne4 Nxe5 16. dxe5 Qxd2 17. Nxd2 Na4 18. Bd4 Ba3 19. Ra1 Bb4 20. Red1 Nc3 21. Re1 Rad8 22. Be3 Na4 23. Nb3 Bxe1 24. Rxe1 Rd7 25. Nxa5 Ra8 26. Nb3 Bc2 27. Bf3 Rd1 28. Rxd1 Bxd1 29. Kg2 Nb2 30. Nc5 Nxc4 31. Nxb7 Nxe3+ 32. fxe3 Rxa2 33. Kf2 Rc2 0-1


[Site "https://www.chess.com"]

[Event "Titled Tuesday Blitz March 28 Early 2023"]
[White "Yoo, Christopher Woojin"]
[Black "Lukas2010"]
[WhiteFideId "30909694"]
[WhiteElo "2519"]
[BlackElo "2513"]
[Result "1-0"]
[Round "01"]
[TimeControl "180+2"]
[Date "2023.03.28"]
[WhiteClock "0:00:03"]
[BlackClock "0:00:02"]

1. Nf3 Nf6 2. g3 g6 3. Bg2 Bg7 4. O-O O-O 5. b3 c5 6. Bb2 Nc6 7. c4 d6 8. d4 cxd4 9. Nxd4 Bd7 10. Nc3 Rc8 11. e3 Qa5 12. h3 Qh5 13. g4 Qa5 14. Qe2 a6 15. Rfd1 Rfd8 16. Rd2 h5 17. gxh5 Qxh5 18. Qxh5 Nxh5 19. Nd5 Kf8 20. Nb6 Rc7 21. Nd5 Rcc8 22. Re1 Nf6 23. Nb6 Rc7 24. Ne2 Be8 25. Nf4 g5 26. Bxf6 gxf4 27. Bxg7+ Kxg7 28. exf4 Kf8 29. Re3 e6 30. Red3 Ke7 31. h4 Nb4 32. Rg3 Bc6 33. a3 Bxg2 34. axb4 Bc6 35. f5 Rh8 36. fxe6 Rxh4 37. f3 Kxe6 38. Kf2 Rh2+ 39. Rg2 Rxg2+ 40. Kxg2 Re7 41. Kg3 Kf5 42. Nd5 Bxd5 43. Rxd5+ Ke6 44. Kf4 Kd7 45. c5 Re6 46. Kf5 Ke7 47. Rxd6 Re3 48. f4 Rxb3 49. Rb6 Kf8 50. Rxb7 a5 51. Kf6 Kg8 52. c6 Rc3 53. c7 Rc5 54. bxc5 1-0


[Site "https://www.chess.com"]

[Event "Titled Tuesday Blitz March 28 Early 2023"]
[White "koncheto"]
[Black "Demchenko, Anton"]
[BlackFideId "4160258"]
[WhiteElo "2513"]
[BlackElo "2545"]
[Result "0-1"]
[Round "01"]
[TimeControl "180+2"]
[Date "2023.03.28"]
[WhiteClock "0:00:03"]
[BlackClock "0:00:29"]

1. e4 e5 2. Nf3 Nc6 3. Bc4 Nf6 4. d3 h6 5. c3 d6 6. Nbd2 g6 7. O-O Bg7 8. Re1 O-O 9. Nf1 Kh8 10. Ng3 Nh7 11. h3 Qe8 12. Nh2 f5 13. exf5 gxf5 14. f4 Nf6 15. fxe5 Nxe5 16. d4 Qg6 17. dxe5 dxe5 18. Qf3 Bd7 19. Nhf1 Rae8 20. Qxb7 f4 21. Ne4 Rb8 22. Nxf6 Rxb7 23. Nxd7 Re8 24. Nc5 Qc6 25. Nxb7 Qxc4 26. Nd2 Qb5 27. Nf3 Qxb7 28. Bxf4 e4 29. Re2 Rf8 30. Be5 exf3 31. Bxg7+ Kxg7 32. Rf2 fxg2 33. Rxg2+ Kh7 34. Re1 Rg8 35. Rxg8 Kxg8 36. Re8+ Kf7 37. Re2 Qa6 38. Rf2+ Ke7 39. a3 Qd3 40. Kg2 h5 41. Rf3 Qc2+ 42. Rf2 Qe4+ 43. Rf3 h4 44. b4 Kd6 45. Kf2 Kd5 46. Re3 Qc2+ 47. Kf3 Qf5+ 48. Ke2 Kc4 49. Kd2 Qd5+ 50. Ke2 Qg2+ 51. Kd1 Qf2 52. Re4+ Kxc3 0-1


[Site "https://www.chess.com"]

[Event "Titled Tuesday Blitz March 28 Early 2023"]
[White "Kramnik, Vladimir"]
[Black "Roebers, Eline"]
[WhiteFideId "4101588"]
[BlackFideId "1058401"]
[WhiteElo "2712"]
[BlackElo "2512"]
[Result "1-0"]
[Round "01"]
[TimeControl "180+2"]
[Date "2023.03.28"]
[WhiteClock "0:00:22"]
[BlackClock "0:00:02"]

1. Nf3 f5 2. d4 Nf6 3. Bg5 e6 4. Nbd2 Be7 5. Bxf6 Bxf6 6. e4 d5 7. exf5 exf5 8. Bd3 O-O 9. O-O b6 10. c3 Ba6 11. Bxa6 Nxa6 12. Re1 c5 13. Qa4 Qc8 14. Ne5 Re8 15. Ndf3 Re6 16. Nd7 Rd6 17. Nxf6+ Rxf6 18. Re5 Nc7 19. Rae1 Qd8 20. dxc5 bxc5 21. Qf4 Qd6 22. g3 Raf8 23. h4 Ne6 24. Qd2 Nc7 25. Kh2 Rg6 26. Ng5 h6 27. Nh3 Re6 28. Rxe6 Nxe6 29. Qe3 Rf6 30. Qe5 Qd7 31. Nf4 Nxf4 32. Qxf4 d4 33. cxd4 cxd4 34. Rd1 d3 35. Qc4+ Re6 36. Rxd3 Qf7 37. Rd8+ Kh7 38. Rd6 Re7 39. Qxf7 Rxf7 40. Ra6 f4 41. g4 g5 42. h5 Rc7 43. Kg2 Kg7 44. Kf3 Kh7 45. Ke4 Re7+ 46. Kf5 f3 47. b4 Re2 48. Rxa7+ Kg8 49. Kg6 Re6+ 50. Kf5 Re2 51. Kf6 Rxf2 52. Kg6 Kf8 53. Rf7+ Ke8 54. a4 Rf1 55. a5 Rb1 56. Rxf3 Rxb4 57. Ra3 1-0


[Site "https://www.chess.com"]

[Event "Titled Tuesday Blitz March 28 Early 2023"]
[White "TheKnightOfBosnia"]
[Black "Alekseenko, Kirill"]
[BlackFideId "4135539"]
[WhiteElo "2509"]
[BlackElo "2683"]
[Result "0-1"]
[Round "01"]
[TimeControl "180+2"]
[Date "2023.03.28"]
[WhiteClock "0:00:05"]
[BlackClock "0:01:08"]

1. e4 c5 2. Nf3 Nc6 3. d4 cxd4 4. Nxd4 Nf6 5. Nc3 d6 6. f3 e5 7. Nb3 Be6 8. Be3 Be7 9. Be2 O-O 10. a4 a6 11. O-O Rc8 12. Nd5 Bxd5 13. exd5 Nb8 14. a5 Nbd7 15. c4 Re8 16. Ra4 Bf8 17. Rb4 Qc7 18. Kh1 g6 19. Bd3 Bg7 20. Qd2 e4 21. fxe4 Nxe4 22. Qc2 Ndc5 23. Nxc5 Nxc5 24. Bxc5 dxc5 25. Rb6 Rcd8 26. Qf2 Re7 27. Re1 Bd4 28. Rxe7 Qxe7 29. Qe2 Qd7 30. d6 Re8 31. Qf1 Re6 32. Qf3 Re3 33. Qf1 Kg7 34. Be2 Qe6 35. Rxb7 Bf6 36. h3 Rxe2 37. Qf3 Re1+ 0-1


[Site "https://www.chess.com"]

[Event "Titled Tuesday Blitz March 28 Early 2023"]
[White "Sjugirov, Sanan"]
[Black "Osinenko, Anton"]
[WhiteFideId "4189302"]
[BlackFideId "4158970"]
[WhiteElo "2569"]
[BlackElo "2294"]
[Result "0-1"]
[Round "01"]
[TimeControl "180+2"]
[Date "2023.03.28"]
[WhiteClock "0:00:02"]
[BlackClock "0:01:01"]

1. e4 c5 2. Nf3 d6 3. d4 cxd4 4. Nxd4 Nf6 5. Nc3 a6 6. Be3 Nc6 7. f3 e5 8. Nb3 d5 9. Bg5 d4 10. Nd5 Be6 11. Nxf6+ gxf6 12. Bd2 Rg8 13. g4 f5 14. g5 fxe4 15. fxe4 Be7 16. h4 h6 17. Qf3 hxg5 18. h5 g4 19. Qg3 a5 20. a4 Qb6 21. Bb5 O-O-O 22. O-O-O Nb4 23. Kb1 f6 24. h6 Kb8 25. h7 Rh8 26. Rh6 Nxc2 27. Kxc2 d3+ 28. Kb1 Bxb3 29. Rdh1 Bc2+ 30. Ka1 Bb4 31. Be3 Bc5 32. Bd2 Bd4 33. Qxg4 Qc5 34. Qe6 Qa3+ 35. Qa2 Bxb2# 0-1


[Site "https://www.chess.com"]

[Event "Titled Tuesday Blitz March 28 Early 2023"]
[White "Karamsetty, Jeevan"]
[Black "Dominguez Perez, Leinier"]
[WhiteFideId "2025337"]
[BlackFideId "3503240"]
[WhiteElo "2111"]
[BlackElo "2647"]
[Result "0-1"]
[Round "01"]
[TimeControl "180+2"]
[Date "2023.03.28"]
[WhiteClock "0:00:06"]
[BlackClock "0:01:16"]

1. e4 Nf6 2. e5 Nd5 3. c4 Nb6 4. d4 d6 5. exd6 exd6 6. Nc3 Be7 7. Bd3 O-O 8. Nge2 Na6 9. b3 c6 10. O-O Nb4 11. Bb1 d5 12. a3 Na6 13. c5 Nd7 14. b4 Nc7 15. a4 Re8 16. Ng3 g6 17. f4 f5 18. b5 Nf6 19. Ra2 Bf8 20. Qb3 Bg7 21. Bd3 Be6 22. a5 Ne4 23. Be3 a6 24. b6 Nb5 25. Nxb5 axb5 26. Rfa1 Ra6 27. Ne2 Bf7 28. Bf2 Nxf2 29. Kxf2 Qh4+ 30. Kg1 Rxe2 31. Bxe2 Bxd4+ 32. Kh1 Bxa1 33. g3 Qf6 34. Bxb5 cxb5 35. Qxb5 Bd4 36. Rc2 Qe6 37. Re2 Be3 38. Qxa6 Qe4+ 39. Rg2 Qb1+ 0-1


[Site "https://www.chess.com"]

[Event "Titled Tuesday Blitz March 28 Early 2023"]
[White "Makhnev, Denis"]
[Black "Sonnenschein, Philipp"]
[WhiteFideId "13707647"]
[BlackFideId "16250877"]
[WhiteElo "2525"]
[BlackElo "2224"]
[Result "1-0"]
[Round "01"]
[TimeControl "180+2"]
[Date "2023.03.28"]
[WhiteClock "0:01:47"]
[BlackClock "0:01:17"]

1. d4 Nf6 2. c4 e6 3. Nf3 d5 4. Nc3 Bb4 5. Qa4+ Nc6 6. e3 O-O 7. Qc2 dxc4 8. Bxc4 a6 9. O-O Bd6 10. a3 b5 11. Bd3 Bb7 12. Ne4 g6 13. Bd2 Nd5 14. Rfc1 Nce7 15. Nc5 Bc8 16. e4 Nb6 17. Nb3 c6 18. Bb4 f5 19. Bxd6 Qxd6 20. Re1 fxe4 21. Bxe4 Nbd5 22. Ne5 Nf5 23. Qxc6 Ra7 24. Bxf5 Qxc6 25. Nxc6 Rc7 26. Bxe6+ Bxe6 27. Rxe6 Nf4 28. Rd6 1-0


[Site "https://www.chess.com"]

[Event "Titled Tuesday Blitz March 28 Early 2023"]
[White "Golubev, Mikhail"]
[Black "Kamsky, Gata"]
[WhiteFideId "14100983"]
[BlackFideId "2000024"]
[WhiteElo "2374"]
[BlackElo "2666"]
[Result "0-1"]
[Round "01"]
[TimeControl "180+2"]
[Date "2023.03.28"]
[WhiteClock "0:00:05"]
[BlackClock "0:01:45"]

1. e4 g6 2. d4 Bg7 3. c4 d6 4. Nc3 e5 5. dxe5 dxe5 6. Qxd8+ Kxd8 7. f4 Nc6 8. Be3 Be6 9. O-O-O+ Kc8 10. Nf3 Nf6 11. h3 h6 12. g4 exf4 13. Bxf4 Nd7 14. Nd5 Nde5 15. Be2 Re8 16. Rd2 a5 17. Rhd1 b6 18. c5 Kb7 19. Rc2 Rac8 20. Bb5 Nxf3 21. Bxc6+ Kxc6 0-1


[Site "https://www.chess.com"]

[Event "Titled Tuesday Blitz March 28 Early 2023"]
[White "Kovalenko, Igor"]
[Black "Bruedigam, Martin"]
[WhiteFideId "14117908"]
[BlackFideId "24608033"]
[WhiteElo "2574"]
[BlackElo "2331"]
[Result "1-0"]
[Round "01"]
[TimeControl "180+2"]
[Date "2023.03.28"]
[WhiteClock "0:01:42"]
[BlackClock "0:00:05"]

1. c4 e5 2. Nc3 Bb4 3. Qb3 Bxc3 4. Qxc3 Nc6 5. b4 d6 6. e3 f5 7. b5 Nce7 8. f4 Ng6 9. Nf3 Nf6 10. fxe5 Ne4 11. Qb2 O-O 12. d3 Ng5 13. Nxg5 Qxg5 14. exd6 cxd6 15. Qd4 Be6 16. Bb2 Rf7 17. O-O-O f4 18. h4 Qg3 19. h5 Ne5 20. exf4 Rxf4 21. Qxd6 Qe3+ 22. Kb1 Nxc4 23. dxc4 Bf5+ 24. Bd3 1-0


[Site "https://www.chess.com"]

[Event "Titled Tuesday Blitz March 28 Early 2023"]
[White "Jumanov, Elbek"]
[Black "Makarian, Rudik"]
[WhiteFideId "14202905"]
[BlackFideId "44105681"]
[WhiteElo "2055"]
[BlackElo "2436"]
[Result "0-1"]
[Round "01"]
[TimeControl "180+2"]
[Date "2023.03.28"]
[WhiteClock "0:00:02"]
[BlackClock "0:00:16"]

1. c4 Nf6 2. Nf3 e6 3. g3 d5 4. d4 Bb4+ 5. Bd2 Be7 6. Bg2 O-O 7. O-O Nbd7 8. Bf4 c6 9. Nc3 dxc4 10. e4 b5 11. Qe2 a5 12. e5 Nd5 13. Ne4 Nxf4 14. gxf4 Qb6 15. Kh1 Bb7 16. f5 exf5 17. Ng3 g6 18. e6 Bf6 19. exd7 Rad8 20. Ne5 Qxd4 21. Nxc6 Bxc6 22. Bxc6 Qc5 23. Qf3 Bxb2 24. Rad1 c3 25. Ne2 c2 26. Rde1 Rb8 27. Nc1 Bxc1 28. Rxc1 Rb6 29. Bd5 a4 30. Bb7 b4 31. Qd3 b3 32. axb3 axb3 33. d8=Q Rxd8 34. Qxd8+ Kg7 35. Qd5 Qb4 36. Qe5+ Kh6 37. Qe3+ f4 38. Qh3+ Kg7 39. Be4 Qxe4+ 40. f3 Qc4 41. Qg2 b2 42. Rxc2 Qxf1+ 43. Qxf1 b1=Q 44. Rc1 Qf5 45. Rc4 Rb1 46. Rc1 Rxc1 47. Qxc1 h5 48. Qc3+ Qf6 49. Qc4 g5 50. Kg2 Qe5 51. Qd3 g4 52. Qd1 Qb2+ 53. Kg1 g3 54. hxg3 fxg3 55. Qe1 Qh2+ 56. Kf1 g2+ 0-1


[Site "https://www.chess.com"]

[Event "Titled Tuesday Blitz March 28 Early 2023"]
[White "Gholami Orimi, Mahdi"]
[Black "Garv Gaur"]
[WhiteFideId "12558486"]
[BlackFideId "45030839"]
[WhiteElo "2363"]
[BlackElo "2068"]
[Result "1-0"]
[Round "01"]
[TimeControl "180+2"]
[Date "2023.03.28"]
[WhiteClock "0:00:28"]
[BlackClock "0:00:07"]

1. d4 Nf6 2. c4 e6 3. Nc3 Bb4 4. e3 O-O 5. Bd2 d5 6. cxd5 exd5 7. Nf3 c6 8. Bd3 Bd6 9. Qc2 Re8 10. h3 a5 11. O-O Na6 12. a3 Nc7 13. Rfe1 Be6 14. Rab1 h6 15. b4 axb4 16. axb4 Qe7 17. b5 Reb8 18. bxc6 bxc6 19. e4 Bb4 20. e5 Nd7 21. Ne2 Bxd2 22. Qxd2 c5 23. dxc5 Nxc5 24. Bc2 Ne4 25. Qf4 g5 26. Qe3 Rxb1 27. Rxb1 Ra3 28. Qd4 Bf5 29. Rb8+ Kh7 30. e6 f6 31. Qb6 Ra1+ 32. Kh2 Ra6 33. Qb2 Qd6+ 34. Kg1 Nxe6 35. Nfd4 Bg6 36. Nxe6 Qxe6 37. Qb7+ Qf7 38. Qxa6 f5 39. Rb7 1-0


[Site "https://www.chess.com"]

[Event "Titled Tuesday Blitz March 28 Early 2023"]
[White "Rom, Jasper"]
[Black "Bacrot, Etienne"]
[WhiteFideId "2023733"]
[BlackFideId "605506"]
[WhiteElo "2233"]
[BlackElo "2663"]
[Result "0-1"]
[Round "01"]
[TimeControl "180+2"]
[Date "2023.03.28"]
[WhiteClock "0:00:08"]
[BlackClock "0:00:08"]

1. e4 c5 2. Nc3 Nc6 3. f4 g6 4. Nf3 Bg7 5. Bb5 Nd4 6. O-O a6 7. Bc4 e6 8. d3 Ne7 9. Bb3 b5 10. Nxd4 cxd4 11. Ne2 Bb7 12. Qe1 O-O 13. Qf2 Nc6 14. f5 exf5 15. exf5 d5 16. f6 Bh8 17. Bh6 Re8 18. Ng3 Qd6 19. Nh5 Re5 20. Bf4 gxh5 21. Qg3+ Kf8 22. Bh6+ Ke8 23. Qg8+ Kd7 24. Qxf7+ Ne7 25. fxe7 Rxe7 26. Qf5+ Qe6 27. Bg5 Qxf5 28. Rxf5 Rg7 29. Raf1 Rag8 30. h4 h6 31. Rf7+ Ke8 32. Rxg7 Bxg7 33. Bf4 Kd7 34. g3 Re8 35. Kf2 Bc6 36. Kf3 a5 37. a3 a4 38. Ba2 Bf8 39. Rg1 Re6 40. g4 hxg4+ 41. Rxg4 Rf6 42. Kg3 Ke6 43. Bd2 Bd6+ 44. Kg2 Kf7 45. Rxd4 Be5 46. Rg4 Bxb2 47. Bb4 Be5 48. Bc5 Rg6 49. Rxg6 Kxg6 50. d4 Bf6 51. Kf3 Bxh4 52. c3 Bf6 53. Kg4 h5+ 54. Kf4 h4 55. Bb1+ Kg7 56. Bf5 Kf7 57. Kg4 Ke8 58. Bb4 Bd7 59. Bxd7+ Kxd7 60. Bc5 Ke6 61. Bb4 h3 62. Kxh3 Kf5 63. Kg3 Ke4 64. Kg4 Bd8 65. Kh5 Kd3 66. Kg6 Kc4 67. Kf5 Bh4 68. Ke6 Be1 69. Kd6 Bxc3 70. Bxc3 Kxc3 71. Kxd5 b4 72. axb4 a3 73. b5 a2 74. b6 a1=Q 75. b7 Qa7 76. Kc6 Qb8 77. d5 Kb4 78. d6 Ka5 79. d7 Ka6 0-1


[Site "https://www.chess.com"]

[Event "Titled Tuesday Blitz March 28 Early 2023"]
[White "Xu, Xiangyu"]
[Black "Jaskolka, Tomasz"]
[WhiteFideId "8608288"]
[BlackFideId "1170791"]
[WhiteElo "2477"]
[BlackElo "2155"]
[Result "1-0"]
[Round "01"]
[TimeControl "180+2"]
[Date "2023.03.28"]
[WhiteClock "0:00:25"]
[BlackClock "0:00:07"]

1. d4 d5 2. c4 e5 3. dxe5 d4 4. Nf3 Nc6 5. a3 a5 6. e3 Bc5 7. exd4 Bxd4 8. Nxd4 Qxd4 9. Nc3 Qxd1+ 10. Nxd1 Nxe5 11. Bf4 f6 12. Nc3 Ne7 13. Nb5 Kf7 14. Nxc7 Rb8 15. Bxe5 fxe5 16. Be2 Bd7 17. Rd1 Bc6 18. Bg4 Bxg2 19. Rg1 Bc6 20. Be6+ Kf6 21. Rd3 Rhd8 22. Rgg3 Ng6 23. Bd5 Nf4 24. Rb3 Rbc8 25. Bxc6 bxc6 26. Na6 Rd4 27. Rb8 Rxb8 28. Nxb8 Rxc4 29. Kd2 Rd4+ 30. Kc2 Rc4+ 31. Kb1 g5 32. Nd7+ Kf5 33. Re3 e4 34. Nb8 Nd3 35. f3 Rc1+ 36. Ka2 Kf4 37. Rxe4+ Kxf3 38. Rd4 Rd1 39. Nxc6 Nc1+ 40. Kb1 Nd3+ 41. Kc2 Rc1+ 42. Kxd3 Rxc6 43. Rd5 g4 44. Rh5 Rd6+ 45. Kc4 Rb6 46. b3 Rb7 47. Rxa5 Rc7+ 48. Kd4 Rd7+ 49. Kc3 Rc7+ 50. Kb2 Kg2 51. Rh5 Rf7 52. a4 Rf2+ 53. Ka3 Rf3 54. a5 Rh3 55. Rg5 Rh4 56. a6 Kxh2 57. a7 Kg3 58. a8=Q Rh2 59. Qb8+ Kh3 60. Rh5+ Kg2 61. Qxh2+ Kf3 62. Rf5+ Ke4 63. Qf4+ Kd3 64. Rd5+ Kc2 1-0


[Site "https://www.chess.com"]

[Event "Titled Tuesday Blitz March 28 Early 2023"]
[White "Tanmay Jain"]
[Black "Drygalov, Andrey"]
[WhiteFideId "45015481"]
[BlackFideId "24171735"]
[WhiteElo "2032"]
[BlackElo "2471"]
[Result "0-1"]
[Round "01"]
[TimeControl "180+2"]
[Date "2023.03.28"]
[WhiteClock "0:00:14"]
[BlackClock "0:00:30"]

1. e4 c5 2. Nf3 d6 3. d4 cxd4 4. Nxd4 Nf6 5. Nc3 a6 6. g3 e5 7. Nb3 Be7 8. Bg2 O-O 9. O-O Be6 10. Bg5 Nbd7 11. Qd2 b5 12. a3 Nb6 13. Na5 Qc7 14. Bxf6 Bxf6 15. Nd5 Bxd5 16. exd5 e4 17. c3 Rfe8 18. Rfe1 Na4 19. Nc6 Nc5 20. Qc2 e3 21. fxe3 Bg5 22. e4 g6 23. b4 Nd7 24. c4 bxc4 25. Qxc4 Qb6+ 26. Kh1 Ne5 27. Nxe5 Rxe5 28. Ra2 a5 29. Rb2 axb4 30. axb4 Ree8 31. Bh3 Bf6 32. Rbe2 Be5 33. Rb1 h5 34. Rf1 Rab8 35. Ref2 Re7 36. Ra2 Qxb4 37. Qxb4 Rxb4 38. Bg2 Kg7 39. Rc2 Ra7 40. Rd1 Rb8 41. Rf1 Rb3 42. Bf3 h4 43. Kg2 hxg3 44. hxg3 Raa3 45. Rc7 Rc3 46. Rxc3 Rxc3 47. Rf2 Bd4 48. Re2 Kf6 49. Ra2 Ke5 50. Re2 Kf6 51. Ra2 Be5 52. Re2 Kg7 53. Ra2 g5 54. Re2 g4 55. Bxg4 Rxg3+ 56. Kf1 Rxg4 57. Ke1 Kf6 58. Kd2 Bf4+ 59. Kd3 Ke5 60. Ra2 Rg3+ 0-1


[Site "https://www.chess.com"]

[Event "Titled Tuesday Blitz March 28 Early 2023"]
[White "Gukesh D"]
[Black "Ladan, Nicholas"]
[WhiteFideId "46616543"]
[BlackFideId "30918855"]
[WhiteElo "2612"]
[BlackElo "2167"]
[Result "1-0"]
[Round "01"]
[TimeControl "180+2"]
[Date "2023.03.28"]
[WhiteClock "0:01:13"]
[BlackClock "0:00:57"]

1. d4 d5 2. Nf3 Nf6 3. Bf4 c5 4. e3 Nc6 5. Nbd2 cxd4 6. exd4 Bf5 7. Bb5 e6 8. O-O Bd6 9. Bxd6 Qxd6 10. Re1 O-O 11. c3 Rfc8 12. a4 Ne4 13. Nf1 Bg4 14. Be2 g6 15. N3d2 Bxe2 16. Qxe2 Nxd2 17. Qxd2 Kg7 18. Ne3 Qf4 19. g3 Qf3 20. Ng2 Na5 21. Qc2 Qf6 22. Qd3 Nc4 23. Re2 Nd6 24. Nf4 h5 25. Rae1 a6 26. Rxe6 fxe6 27. Rxe6 Qf5 28. Rxg6+ Kf7 29. Rxd6 Qxd3 30. Nxd3 Rd8 31. Rb6 Rab8 32. a5 Ke7 33. Nc5 Rd6 34. Rxb7+ Rxb7 35. Nxb7 Re6 36. Kf1 Re4 37. Nc5 Rg4 38. Nxa6 Kd6 39. Nc5 Kc6 40. a6 Kb6 41. Ke2 Rg8 42. f4 Re8+ 43. Kf2 Rb8 44. Nd7+ 1-0


[Site "https://www.chess.com"]

[Event "Titled Tuesday Blitz March 28 Early 2023"]
[White "WindWhistler11"]
[Black "Terry, Renato"]
[BlackFideId "3803457"]
[WhiteElo "2491"]
[BlackElo "2579"]
[Result "0-1"]
[Round "01"]
[TimeControl "180+2"]
[Date "2023.03.28"]
[WhiteClock "0:00:02"]
[BlackClock "0:00:43"]

1. Nf3 d5 2. c4 d4 3. g3 Nc6 4. Bg2 a5 5. e3 e5 6. exd4 exd4 7. O-O Be7 8. d3 Nf6 9. Bg5 O-O 10. Re1 h6 11. Bf4 Nd7 12. h4 Nc5 13. Na3 Bf5 14. Ne5 Nb4 15. Be4 Nxe4 16. dxe4 Be6 17. Nb5 c5 18. a3 Na6 19. Rc1 Bf6 20. Nd3 Qd7 21. Bd6 Rfc8 22. e5 Bd8 23. a4 b6 24. Nf4 Bg4 25. f3 Bf5 26. Nd5 Nb4 27. g4 Bh7 28. Nxb4 axb4 29. f4 Bxh4 30. Rf1 Rxa4 31. f5 Ra2 32. Qe2 Re8 33. Qh2 Bg5 34. Rce1 Be3+ 35. Kh1 Qc6+ 36. Qg2 Qxg2+ 37. Kxg2 Rxb2+ 38. Kf3 h5 39. Nc7 Rd8 40. Nd5 Bg5 41. e6 Rxd6 42. e7 Bxe7 43. Rxe7 hxg4+ 44. Kxg4 Rd8 45. Rfe1 Kf8 46. Rb7 Rg2+ 47. Kf4 Rf2+ 48. Kg3 Rxf5 49. Ree7 d3 50. Red7 Re8 51. Nc7 Re3+ 52. Kg4 g6 53. Nd5 Re4+ 54. Kg3 d2 55. Nxb6 Rd4 0-1


[Site "https://www.chess.com"]

[Event "Titled Tuesday Blitz March 28 Early 2023"]
[White "Drozdowski, Kacper"]
[Black "Valner, Uku"]
[WhiteFideId "1136720"]
[BlackFideId "4502205"]
[WhiteElo "2497"]
[BlackElo "2230"]
[Result "1-0"]
[Round "01"]
[TimeControl "180+2"]
[Date "2023.03.28"]
[WhiteClock "0:02:52"]
[BlackClock "0:01:36"]

1. e4 e6 2. d4 d5 3. Nd2 c5 4. exd5 Qxd5 5. Ngf3 cxd4 6. Bc4 Qd7 7. O-O Nc6 8. Nb3 Nf6 9. Nbxd4 Nxd4 10. Nxd4 a6 11. Bb3 Bd6 12. c3 O-O 13. Bg5 Ne4 14. Be3 Nc5 15. Bc2 e5 16. Nf5 Rd8 17. Qxd6 1-0


[Site "https://www.chess.com"]

[Event "Titled Tuesday Blitz March 28 Early 2023"]
[White "Bettalli, Francesco"]
[Black "Kozak, Adam"]
[WhiteFideId "2816453"]
[BlackFideId "753246"]
[WhiteElo "2216"]
[BlackElo "2469"]
[Result "0-1"]
[Round "01"]
[TimeControl "180+2"]
[Date "2023.03.28"]
[WhiteClock "0:01:25"]
[BlackClock "0:02:00"]

1. d4 Nf6 2. Nc3 d5 3. Bg5 c6 4. e3 h6 5. Bh4 g6 6. Bd3 Bg7 7. Nf3 Bg4 8. h3 Bxf3 9. Qxf3 Nbd7 10. O-O-O O-O 11. e4 dxe4 12. Nxe4 Qa5 13. Kb1 Rad8 14. g4 Nxe4 15. Qxe4 Rfe8 16. f4 Nf6 17. Qe2 Rxd4 18. f5 g5 19. Bf2 Rdd8 20. h4 Nd5 21. f6 exf6 22. Qf3 f5 23. Qxf5 Nc3+ 24. bxc3 Qxc3 25. Qh7+ Kf8 26. Bc5+ Qxc5 0-1


[Site "https://www.chess.com"]

[Event "Titled Tuesday Blitz March 28 Early 2023"]
[White "Hansen, Eric"]
[Black "Mortazavi, Ali"]
[WhiteFideId "2606771"]
[BlackFideId "401323"]
[WhiteElo "2569"]
[BlackElo "2339"]
[Result "1/2-1/2"]
[Round "01"]
[TimeControl "180+2"]
[Date "2023.03.28"]
[WhiteClock "0:00:01"]
[BlackClock "0:00:44"]

1. c4 Nf6 2. Nc3 g6 3. d4 Bg7 4. e4 O-O 5. Bd3 d6 6. Nge2 Nc6 7. f3 Nh5 8. Be3 e5 9. d5 Nd4 10. O-O c5 11. dxc6 bxc6 12. b4 c5 13. bxc5 dxc5 14. Rb1 Be6 15. Nd5 Bxd5 16. cxd5 Rc8 17. Bc4 Kh8 18. Rb7 Rc7 19. Qb1 f5 20. exf5 gxf5 21. Bd2 Rxb7 22. Qxb7 Qh4 23. Be3 Nxf3+ 24. Rxf3 Qxc4 25. Ng3 Nxg3 26. Rxg3 Rg8 27. Rxg7 Rxg7 28. Qb8+ Rg8 29. Qxe5+ Rg7 30. Qe8+ Rg8 31. Qe5+ Rg7 32. Qe8+ Rg8 33. Qe5+ 1/2-1/2


[Site "https://www.chess.com"]